 Dungeon Crawl Stone Soup version 0.31-a0-1611-g890cdf5628 (webtiles) character file.

Game seed: 16364293512439705103

809 Sabo the Skirmisher (level 7, -3/53 HPs)
             Began as a Gnoll Wanderer on Jan 8, 2024.
             Was an Initiate of Ashenzari.
             Slain by Pikel
             ... wielding a +0 whip of flaming
              (6 damage)
             ... on level 5 of the Dungeon.
             The game lasted 00:25:24 (4192 turns).

Sabo the Skirmisher (Gnoll Wanderer)                Turns: 4192, Time: 00:25:24

Health: -3/53      AC: 15    Str: 20    XL:     7   Next: 92%
Magic:  11/11      EV:  9    Int:  8    God:    Ashenzari [......]
Gold:   146        SH:  0    Dex:  8    Spells: 11/11 levels left

rFire   + . .        a - +2 sling
rCold   x . .        (no shield)
rNeg    . . .        l - +0 chain mail
rPois   .            (no helmet)
rElec   .            m - +0 cloak
rCorr   .            (no gloves)
SInv    .            (no boots)
Will    .....        (no amulet) Stlth
                     g - ring of Cremastomancy {AC+4, Melee, Bglg} (curse)
HPRegen 0.28/turn    v - ring of fire
MPRegen 0.12/turn

%: no passive effects
@: no status effects
A: fangs 1, strong nose, distributed training
a: Renounce Religion, Shatter the Chains


You were on level 5 of the Dungeon.
You worshipped Ashenzari.
Ashenzari was noncommittal.
You visited 2 branches of the dungeon, and saw 6 of its levels.

You collected 146 gold pieces.

Inventory:

Hand Weapons
 a - a +2 sling (weapon)
 p - a +0 mace of holy wrath
 u - a +1 dagger of flaming
Missiles
 s - 2 datura-tipped darts
Armour
 c - the +3 leather armour "Sinuol" {Str+4 Int-5}
   (You found it on level 2 of the Dungeon)

   Str+4:     It affects your strength (+4).
   Int-5:     It affects your intelligence (-5).
 l - a +0 chain mail (worn)
 m - a +0 cloak (worn)
Jewellery
 g - the cursed ring of Cremastomancy (left hand) {AC+4, Melee, Bglg}
   (You found it on level 1 of the Dungeon)

   [ring of protection]

   AC+4:      It affects your AC (+4).
   It has a curse which improves the following skills: Melee Combat: Short
   Blades, Long Blades, Axes, Maces & Flails, Polearms, Staves and Unarmed
   Combat.
   Beguiling: Hexes and Translocations.
 n - an amulet of faith
 t - a ring of willpower
 v - a ring of fire (right hand)
Wands
 h - a wand of iceblast (13)
Scrolls
 b - a scroll of fear {unknown}
 d - 2 scrolls of teleportation
 e - a scroll of blinking {unknown}
 q - a scroll of enchant armour {unknown}
 r - 2 scrolls of amnesia {unknown}
 w - a scroll of immolation {unknown}
Potions
 f - 2 potions of enlightenment {unknown}
 i - a potion of haste {unknown}
 j - a potion of cancellation {unknown}
 k - a potion of curing {unknown}
 o - 2 potions of mutation {unknown}


   Skills:
 + Level 3.9 Fighting
 + Level 2.9(3.2) Short Blades
 + Level 2.9(3.2) Long Blades
 + Level 2.9(3.2) Axes
 + Level 2.9(3.2) Maces & Flails
 + Level 3.9(4.3) Polearms
 + Level 2.9(3.2) Staves
 + Level 9.0 Ranged Weapons
 + Level 2.9 Throwing
 + Level 7.2 Armour
 + Level 2.9 Dodging
 + Level 2.9 Stealth
 + Level 2.9 Shields
 + Level 2.9(3.2) Unarmed Combat
 + Level 2.9 Spellcasting
 + Level 2.3 Conjurations
 + Level 2.3(2.7) Hexes
 + Level 2.3 Summonings
 + Level 2.3 Necromancy
 + Level 2.3(2.7) Translocations
 + Level 2.3 Fire Magic
 + Level 2.3 Ice Magic
 + Level 2.3 Air Magic
 + Level 2.3 Earth Magic
 + Level 2.3 Alchemy
 + Level 3.2 Invocations
 + Level 3.9 Evocations
 + Level 2.6 Shapeshifting


You had 11 spell levels left.
You didn't know any spells.
Your spell library was empty.

Dungeon Overview and Level Annotations

Branches:
Dungeon (5/15)             Temple (1/1) D:4

Altars:
Ashenzari
Cheibriados
Elyvilon
Fedhas
Gozag
Makhleb
Nemelex Xobeh
Okawaru
Qazlal
Ru
Wu Jian
Xom
Yredelemnul
Zin
The Shining One

Annotations:
D:4 1 runed translucent door, Doj's ghost, amateur DsEE
D:5 Pikel


Innate Abilities, Weirdness & Mutations

You have very sharp teeth.
Your uncanny sense of smell can sniff out nearby items.
Your experience applies equally to all skills.


Message History

Fire: a) +2 sling
Press: ? - help, Q - select action, (/) - cycle Shift-Dir - straight line, f/p - lemure
Aim: a lemure (lightly wounded, 53% to hit)
You shoot a sling bullet. The sling bullet closely misses Pikel.
The sling bullet hits the lemure.
The lemure is lightly wounded.
Pikel closely misses you.
Fire: a) +2 sling
Press: ? - help, Q - select action, (/) - cycle Shift-Dir - straight line, f/p - lemure
Aim: a lemure (lightly wounded, 53% to hit)
You shoot a sling bullet. The sling bullet closely misses Pikel.
The sling bullet closely misses the lemure.
The sling bullet hits the lemure.
The lemure is moderately wounded.
Pikel closely misses you.
Fire: a) +2 sling
Press: ? - help, Q - select action, (/) - cycle Shift-Dir - straight line, f/p - lemure
Aim: a lemure (lightly wounded, 53% to hit)
You shoot a sling bullet.
The sling bullet hits Pikel but does no damage.
Pikel is heavily wounded.
Pikel closely misses you.
Fire: a) +2 sling
Press: ? - help, Q - select action, (/) - cycle Shift-Dir - straight line, f/p - lemure
Aim: a lemure (lightly wounded, 53% to hit)
You shoot a sling bullet.
The sling bullet hits Pikel but does no damage.
Pikel is heavily wounded.
Pikel hits you with a +0 whip of flaming.
* * * LOW HITPOINT WARNING * * *
Pikel hits you but does no damage.
Fire: a) +2 sling
Press: ? - help, Q - select action, (/) - cycle Shift-Dir - straight line, f/p - lemure
Aim: a lemure (lightly wounded, 53% to hit)
You shoot a sling bullet. The sling bullet barely misses Pikel.
The sling bullet hits the lemure.
The lemure is lightly wounded.
Pikel hits you with a +0 whip of flaming.
You die...
Pikel says, "See you in Hell!" ## #. #......# #.## #......# #... #......# #..# #...... #..###.# ..5.. #......# 555

#.# ####K### #)#
#..$@..# #.# #.##.#.###
#.# #........# #.#
##...##.#.#
######.#####.......#.##
.....#.................
.###.#.#####.#....##.##
........# #.#....# .#
..##.#.## #.........#


You could see Pikel and 4 lemures.

Vanquished Creatures
  Menkaure (D:5)
  2 black bears
  A phantom (D:4)
  A centaur zombie (D:4)
  A hound (D:4)
  An orc priest (D:3)
  2 iguanas
  3 orc wizards
  A sleepcap (D:5)
  A scorpion zombie (D:4)
  A hound zombie (D:4)
  8 adders
  An adder zombie (D:4)
  2 dart slugs
  A ribbon worm (D:5)
  2 orcs
  6 ball pythons
  8 bats
  5 endoplasms
  3 giant cockroaches
  7 goblins
  6 hobgoblins
  12 jackals
  3 quokkas
  2 frilled lizards
  4 kobolds
  A quokka zombie (D:4)
  A rat (D:2)
87 creatures vanquished.

Notes
Turn   | Place    | Note
-------+----------+-------------------------------------------
     0 | D:1      | Sabo the Gnoll Wanderer began the quest for the Orb.
     0 | D:1      | Sabo set off with the following items: a +2 sling, a +0
                  | spear, a +0 scale mail, a scroll of teleportation.
     0 | D:1      | Reached XP level 1. HP: 17/17 MP: 1/1
    67 | D:1      | Reached XP level 2. HP: 16/23 MP: 2/2
   336 | D:1      | Reached XP level 3. HP: 19/28 MP: 3/3
   671 | D:2      | Reached skill level 1 in Invocations
   846 | D:2      | Found a faded altar of an unknown god.
   871 | D:2      | Identified the +3 leather armour "Sinuol" {Str+4 Int-5}
   908 | D:2      | Reached skill level 1 in Short Blades
   908 | D:2      | Reached skill level 1 in Long Blades
   908 | D:2      | Reached skill level 1 in Axes
   908 | D:2      | Reached skill level 1 in Maces & Flails
   908 | D:2      | Reached skill level 1 in Staves
   908 | D:2      | Reached skill level 1 in Throwing
   908 | D:2      | Reached skill level 1 in Dodging
   908 | D:2      | Reached skill level 1 in Stealth
   908 | D:2      | Reached skill level 1 in Shields
   908 | D:2      | Reached skill level 1 in Unarmed Combat
   908 | D:2      | Reached skill level 1 in Spellcasting
  1077 | D:2      | Reached skill level 1 in Shapeshifting
  1077 | D:2      | Reached XP level 4. HP: 34/34 MP: 5/5
  1215 | D:2      | Reached skill level 1 in Conjurations
  1215 | D:2      | Reached skill level 1 in Hexes
  1215 | D:2      | Reached skill level 1 in Summonings
  1215 | D:2      | Reached skill level 1 in Necromancy
  1215 | D:2      | Reached skill level 1 in Translocations
  1215 | D:2      | Reached skill level 1 in Fire Magic
  1215 | D:2      | Reached skill level 1 in Ice Magic
  1215 | D:2      | Reached skill level 1 in Air Magic
  1215 | D:2      | Reached skill level 1 in Earth Magic
  1215 | D:2      | Reached skill level 1 in Alchemy
  1472 | D:3      | Reached XP level 5. HP: 15/40 MP: 7/7
  1770 | D:3      | Found a shimmering altar of Xom.
  2209 | D:4      | Found a basalt altar of Yredelemnul.
  2232 | D:4      | Noticed a black bear
  2258 | D:4      | Found a staircase to the Ecumenical Temple.
  2262 | D:4      | Found a runed translucent door.
  2264 | Temple   | Entered the Ecumenical Temple
  2398 | Temple   | Became a worshipper of Ashenzari the Shackled
  2430 | D:4      | Found a glowing silver altar of Zin.
  2460 | D:4      | Reached XP level 6. HP: 13/47 MP: 8/8
  2980 | D:4      | Killed a black bear
  3070 | D:4      | Noticed Doj's ghost (amateur DsEE)
  3214 | D:4      | Found a glowing golden altar of the Shining One.
  3427 | D:4      | Reached XP level 7. HP: 46/52 MP: 10/10
  3576 | D:5      | Entered Level 5 of the Dungeon
  3609 | D:5      | Found a white marble altar of Elyvilon.
  3619 | D:5      | Noticed Menkaure
  3628 | D:5      | Killed Menkaure
  3629 | D:5      | Reached skill level 9 in Ranged Weapons
  4166 | D:5      | Noticed Pikel
  4191 | D:5      | HP: 2/53 [Pikel/+0 whip of flaming (6)]
  4192 | D:5      | Slain by Pikel

Illustrated notes

Levels and vault maps discovered:
D:1:      co_arrival_hall_of_pillars, layout_rooms, serial_bayou_lake_a
D:2:      layout_rooms, basic_ecumenical_altar
D:3:      layout_loops_ring, xom_teletrap_fun
D:4:      layout_basic, old_standard_altar, nicolae_yredelemnul_corpse_copse,
          mainiacjoe_overflow_surrounded_room, temple_statues,
          hellmonk_ghost_happy_afterlife, minmay_misc_feat_nine_boxes
D:5:      layout_loops_cross, mainiacjoe_overflow_brackets,
          lemuel_coloured_pillars_altar, dk_rats_in_the_wall, uniq_edmund,
          uniq_menkaure, uniq_pikel
Temple:   hellmonk_temple_flake

Skill      XL: |  1  2  3  4  5  6  7 |
---------------+----------------------+-----
Invocations    | 1 2 3 |  3.2
Short Blades   | 1 2 |  2.9
Long Blades    | 1 2 |  2.9
Axes           | 1 2 |  2.9
Maces & Flails | 1 2 |  2.9
Staves         | 1 2 |  2.9
Throwing       | 1 2 |  2.9
Dodging        | 1 2 |  2.9
Stealth        | 1 2 |  2.9
Shields        | 1 2 |  2.9
Unarmed Combat | 1 2 |  2.9
Spellcasting   | 1 2 |  2.9
Shapeshifting  | 1 2 |  2.6
Conjurations   | 1 2 |  2.3
Hexes          | 1 2 |  2.3
Summonings     | 1 2 |  2.3
Necromancy     | 1 2 |  2.3
Translocations | 1 2 |  2.3
Fire Magic     | 1 2 |  2.3
Ice Magic      | 1 2 |  2.3
Air Magic      | 1 2 |  2.3
Earth Magic    | 1 2 |  2.3
Alchemy        | 1 2 |  2.3
Fighting       | 3 |  3.9
Polearms       | 3 |  3.9
Evocations     | 3 |  3.9
Armour         | 7 |  7.2
Ranged Weapons | 9 |  9.0

Action                     |  1- 3 |  4- 6 |  7- 9 || total
---------------------------+-------+-------+-------++-------
   Fire: Sling             |   138 |   279 |   110 ||   527
 Invoke: Curse Item        |       |       |     1 ||     1
    Use: Scroll            |     1 |     1 |     2 ||     4
 Armour: Scale mail        |   117 |       |       ||   117
         Chain mail        |    14 |   353 |   122 ||   489
  Dodge: Dodged            |   100 |   147 |    34 ||   281

Table legend: (Time is in decaauts)
 A = Elapsed time spent in this place.
 B = Non-inter-level travel time spent in this place.
 C = Inter-level travel time spent in this place.
 D = Time resting spent in this place.
 E = Time spent auto-exploring this place.
 F = Levels seen in this place.
 G = Mean time per level.
                   A        B        C        D        E       F      G
               +--------+--------+--------+--------+--------+-----+--------+
         Total |   4326 |   4326 |      0 |   1169 |      0 |   6 |  721.0 |
       Dungeon |   4177 |   4177 |      0 |   1051 |      0 |   5 |  835.4 |
        Temple |    148 |    148 |      0 |    118 |      0 |   1 |  148.0 |
               +--------+--------+--------+--------+--------+-----+--------+

Top non-repeatable levels by time:
     D:4: 1393 daAuts
     D:3: 779 daAuts
     D:2: 742 daAuts
     D:5: 640 daAuts
     D:1: 621 daAuts
  Temple: 148 daAuts
